[Event "Team 45 45 League T56"]
[Site "Internet Chess Club"]
[Date "2013.03.01"]
[Round "2"]
[White "Muravey"]
[Black "lacibacsi"]
[Result "1-0"]
[WhiteElo "2019"]
[BlackElo "2021"]
[Opening "Caro-Kann: Panov-Botvinnik attack"]
[ECO "B13"]
[Time "16:39:34"]
[TimeControl "2700+45"]

1. e4 c6 2. d4 d5 3. exd5 cxd5 4. c4 Nf6 5. Nc3 Nc6 6. Bg5 dxc4 7. d5 Ne5 8. Qd4
h6 9. Qxe5 hxg5 10. Bxc4 Bd7 11. Nf3 Qb6 12. O-O g4 13. Ng5 e6 14. Nce4 Nxe4 15.
dxe6 Bd6 16. exd7+ Kf8 17. Qxe4 Bxh2+ 18. Kh1 Bc7+ 19. Nh7+ Kg8 20. g3 Qh6+ 21.
Kg1 Rf8 22. Bd3 f5 23. Qd5+ Kxh7 24. Bxf5+ g6 25. Bxg4 Kg7 26. Qg2 Bxg3 27. fxg3
Qe3+ 28. Rf2 Rxf2 29. Qxf2 {Black resigns} 1-0

[Event "Team 45 45 League T56"]
[Site "Internet Chess Club"]
[Date "2013.03.05"]
[Round "2"]
[White "mitus"]
[Black "Constrictor"]
[Result "0-1"]
[WhiteElo "1743"]
[BlackElo "1683"]
[Opening "Caro-Kann: Steinitz variation"]
[ECO "B17"]
[Time "17:01:06"]
[TimeControl "2700+45"]

1. e4 c6 2. d4 d5 3. Nc3 dxe4 4. Nxe4 Nd7 5. Nf3 Ngf6 6. Nxf6+ Nxf6 7. Bc4 Bf5
8. O-O e6 9. Re1 Be7 10. Bf4 O-O 11. Qe2 Be4 12. Ng5 Bd5 13. Bd3 h6 14. Nf3 Bxf3
15. Qxf3 Qxd4 16. Be5 Qg4 17. Qe3 Nd5 18. Qe4 Qxe4 19. Bxe4 Rfd8 20. Rad1 Bf6
21. Bxd5 Rxd5 22. Bxf6 gxf6 23. Rxd5 cxd5 24. Kf1 Rc8 25. Re2 Rc4 26. Ke1 Ra4
27. a3 Rh4 28. h3 Re4 29. Rxe4 dxe4 30. Ke2 f5 31. Ke3 Kg7 32. c4 Kf6 33. b4 Ke5
34. g3 h5 35. a4 f6 36. h4 b6 37. a5 bxa5 38. b5 Kd6 {White resigns} 0-1

[Event "Team 45 45 League T56"]
[Site "Internet Chess Club"]
[Date "2013.02.28"]
[Round "2"]
[White "ghostfire"]
[Black "BYOB69"]
[Result "1/2-1/2"]
[WhiteElo "1716"]
[BlackElo "1789"]
[Opening "Pirc defense"]
[ECO "B07"]
[Time "22:00:47"]
[TimeControl "2700+45"]

1. e4 d6 2. d4 Nf6 3. Nc3 g6 4. Be3 c6 5. Be2 b5 6. a3 Nbd7 7. Qd2 Nb6 8. Bh6
Bxh6 9. Qxh6 Bb7 10. O-O-O Qc7 11. f4 a6 12. e5 Nfd5 13. Nxd5 cxd5 14. Qg7 Rf8
15. Qxh7 O-O-O 16. Nf3 Kb8 17. Ng5 Bc8 18. Nxf7 Bf5 19. Bd3 Bxd3 20. Rxd3 e6 21.
Ng5 Qxh7 22. Nxh7 Rxf4 23. Ng5 Rf2 24. Nxe6 Rc8 25. Rd2 Rxd2 26. Kxd2 dxe5 27.
dxe5 Nc4+ 28. Kc1 Nxe5 29. Nf4 d4 30. Rd1 g5 31. Nd3 Ng4 32. h3 Ne3 33. Rd2 a5
34. Ne5 b4 35. axb4 axb4 36. Ng4 Nxg4 37. hxg4 b3 38. Kd1 bxc2+ 39. Rxc2 Rf8 40.
g3 Rf3 41. Rg2 d3 42. Kd2 Kc7 43. Rg1 Kd6 44. b4 Kd5 45. Rc1 Kd4 46. Rc5 Rf2+
47. Kd1 Rf1+ 48. Kd2 Rf2+ {Game drawn by mutual agreement} 1/2-1/2

[Event "Team 45 45 League T56"]
[Site "Internet Chess Club"]
[Date "2013.03.03"]
[Round "2"]
[White "Altairus"]
[Black "Frankly"]
[Result "0-1"]
[WhiteElo "1663"]
[BlackElo "1873"]
[Opening "Sicilian: closed, 6.Be3"]
[ECO "B26"]
[Time "03:00:28"]
[TimeControl "2700+45"]

1. e4 c5 2. Nc3 d6 3. g3 g6 4. Bg2 Bg7 5. d3 Nc6 6. Be3 Nf6 7. Nge2 O-O 8. O-O
Bd7 9. Qd2 Re8 10. h3 Qc8 11. Kh2 Rb8 12. Rab1 b5 13. a3 a5 14. Nd5 Nxd5 15.
exd5 Nd8 16. c3 c4 17. dxc4 bxc4 18. Nd4 Nb7 19. Rfe1 Nc5 20. Bg5 e6 21. dxe6
Nxe6 22. Nxe6 Rxe6 23. Rxe6 Bxe6 24. Qxd6 h6 25. Bd2 Bf5 26. Rc1 Rxb2 27. Be3
Qf8 28. Qxf8+ Bxf8 29. Bc6 Bxa3 30. Bxh6 Rxf2+ 31. Kg1 Bxc1 32. Bxc1 Rc2 33. Bf4
Rxc3 34. Kf2 Kf8 35. h4 Ke7 36. Bc7 Rc2+ 37. Ke3 Ra2 38. Kd4 Bd3 39. Bb5 a4 40.
Bxc4 Bxc4 41. Kxc4 Rc2+ {White resigns} 0-1

[Event "Team 45 45 League T56"]
[Site "Internet Chess Club"]
[Date "2013.03.05"]
[Round "2"]
[White "adypady"]
[Black "RedAttack"]
[Result "1/2-1/2"]
[WhiteElo "1973"]
[BlackElo "1838"]
[Opening "Sicilian: Labourdonnais-Löwenthal variation"]
[ECO "B32"]
[Time "16:07:01"]
[TimeControl "2700+45"]

1. e4 c5 2. Nf3 Nc6 3. d4 cxd4 4. Nxd4 e5 5. Nb5 Nf6 6. Bg5 a6 7. N5c3 Bb4 8.
Bc4 O-O 9. O-O Be7 10. Bxf6 Bxf6 11. Nd5 d6 12. Nbc3 Be6 13. a4 Nd4 14. a5 Be7
15. Nb6 Bxc4 16. Nxc4 f5 17. f3 Qc7 18. Nb6 Rae8 19. Kh1 Bd8 20. Qd3 Qf7 21. Nc4
Qg6 22. Nd5 Re6 23. b4 Qg5 24. c3 Nb5 25. f4 exf4 26. Rxf4 Rxe4 27. Rxe4 fxe4
28. Qxe4 Qf5 29. Qxf5 Rxf5 30. Nce3 Re5 31. c4 Nd4 32. Rd1 Nf5 33. Nxf5 Rxf5 34.
Kg1 Bg5 35. g3 Kf7 36. Kg2 Ke6 37. b5 axb5 38. Nc7+ Ke7 39. Nxb5 Rf6 40. Nd4 Kd7
41. c5 Be3 42. Nb3 Rf2+ 43. Kh3 Rf6 44. Rd3 Bf2 45. Kg2 Be1 46. cxd6 Rxd6 47.
Nc5+ Kc6 48. Rxd6+ Kxd6 49. Nxb7+ Kc6 50. a6 Kb6 51. Nc5 Bb4 52. Ne6 Bc3 53. Kf3
Kxa6 54. Ke4 Kb6 55. Kd5 Kb7 56. Kd6 Bf6 57. Kd7 Be5 58. Ke7 Kc6 59. Kf7 Kd5 60.
Nxg7 Ke4 61. Nh5 Kf5 62. h3 Kg5 63. g4 Kh4 64. Nf6 Kxh3 65. g5 Bf4 66. Nxh7 Bxg5
{Game drawn because neither player has mating material} 1/2-1/2

[Event "Team 45 45 League T56"]
[Site "Internet Chess Club"]
[Date "2013.03.04"]
[Round "2"]
[White "frank001"]
[Black "DutchBird"]
[Result "1-0"]
[WhiteElo "1803"]
[BlackElo "1553"]
[Opening "Grünfeld: exchange variation"]
[ECO "D85"]
[Time "22:01:31"]
[TimeControl "2700+45"]

1. d4 Nf6 2. c4 g6 3. Nc3 d5 4. cxd5 Nxd5 5. e4 Nxc3 6. bxc3 Bg7 7. Bg5 c5 8.
Rc1 Qa5 9. Qd2 Nc6 10. d5 Ne5 11. f4 f6 12. Bh4 Bh6 13. Bg3 O-O 14. Be2 Bg4 15.
Bxg4 Nxg4 16. h3 Ne5 17. Ne2 Rad8 18. O-O e6 19. Qc2 Nc4 20. dxe6 Rd2 21. Qb3
Qa6 22. Rfe1 Re8 23. f5 Rb2 24. Qd1 Bxc1 25. Nxc1 Qc6 26. Nd3 Rd2 27. Qf3 gxf5
28. Nf4 Rxe6 29. Nxe6 Qxe6 30. exf5 Qd7 31. Qg4+ Kh8 32. Qxc4 Qc6 33. Re2 Qd5
34. Re8+ Kg7 35. Qg4+ {Black resigns} 1-0

[Event "Team 45 45 League T56"]
[Site "Internet Chess Club"]
[Date "2013.03.03"]
[Round "2"]
[White "mellizas2003"]
[Black "Portola"]
[Result "0-1"]
[WhiteElo "1665"]
[BlackElo "1841"]
[Opening "French: advance, Milner-Barry gambit"]
[ECO "C02"]
[Time "13:00:29"]
[TimeControl "2700+45"]

1. e4 e6 2. d4 d5 3. e5 c5 4. c3 Nc6 5. Nf3 Qb6 6. Bd3 Nh6 7. O-O Bd7 8. dxc5
Bxc5 9. b4 Be7 10. Be3 Qc7 11. Bf4 a6 12. Re1 b5 13. Na3 Qb7 14. Qd2 Bf8 15. Ng5
g6 16. Nxe6 Bxe6 17. Bxh6 O-O-O 18. Bg5 Rd7 19. Nc2 Rc7 20. Rac1 Kb8 21. Bf6 Rg8
22. h3 h6 23. Bh4 g5 24. Bg3 h5 25. Bh2 g4 26. h4 Qa7 27. Rf1 g3 28. Bxg3 Rxg3
29. Kh1 Rg4 30. a3 Rxh4+ 31. Kg1 Nxe5 32. Bh7 Bd6 33. Qg5 Nf3+ 34. gxf3 Bh2+ 35.
Kh1 Bg3+ 36. Kg1 Rh3 37. Nd4 Bd6 38. Qd8+ Kb7 39. Qxd6 Qb8 40. Nxe6 fxe6 41.
Qxe6 Rg7+ 42. Bg6 Qh2# {White checkmated} 0-1

[Event "Team 45 45 League T56"]
[Site "Internet Chess Club"]
[Date "2013.03.02"]
[Round "2"]
[White "Juan73"]
[Black "PaulaR"]
[Result "0-1"]
[WhiteElo "1657"]
[BlackElo "1590"]
[Opening "French: exchange, Svenonius variation"]
[ECO "C01"]
[Time "15:45:57"]
[TimeControl "2700+45"]

1. e4 e6 2. d4 d5 3. exd5 exd5 4. Nc3 Nf6 5. Bg5 Be7 6. Nf3 O-O 7. Qd2 Bg4 8.
O-O-O Ne4 9. Nxe4 dxe4 10. Bxe7 Qxe7 11. Re1 Nc6 12. Qf4 Bxf3 13. gxf3 f5 14.
fxe4 fxe4 15. Qe3 Rf3 16. Qd2 Raf8 17. Bc4+ Kh8 18. Rhf1 Qh4 19. Re2 h6 20. Bd5
Qxh2 21. Bxe4 R3f6 22. d5 Ne5 23. f4 Rxf4 24. Rfe1 Qh4 25. d6 cxd6 26. Qxd6 Nf3
27. Qg6 Ng5 28. Rh1 Rf1+ 29. Rxf1 Rxf1+ 30. Kd2 Qf4+ 31. Kc3 Nxe4+ 32. Rxe4 Rf3+
33. Kc4 Qf7+ 34. Qxf7 Rxf7 35. Kd3 g5 36. Ke3 Kg7 37. Ke2 Kf6 38. Kf3 h5 39. Kg3
Rc7 40. c4 Rd7 41. b4 Rd3+ 42. Kf2 Rd2+ 43. Kf3 Rxa2 44. Re8 Ra4 45. Rf8+ Kg7
46. Rc8 Rxb4 47. c5 a5 48. c6 bxc6 49. Rxc6 a4 50. Ra6 Rb3+ 51. Ke4 a3 52. Kf5
Rg3 53. Ra7+ Kf8 54. Kf6 Ke8 55. Rh7 a2 56. Ra7 Rg2 57. Ke6 Kd8 58. Kd6 Kc8 59.
Kc6 Kb8 60. Rb7+ Ka8 61. Re7 a1=Q {White resigns} 0-1

[Event "Team 45 45 League T56"]
[Site "Internet Chess Club"]
[Date "2013.03.03"]
[Round "2"]
[White "BigH"]
[Black "creditordebit"]
[Result "0-1"]
[WhiteElo "2118"]
[BlackElo "1888"]
[Opening "King's Indian: London system"]
[ECO "A48"]
[Time "11:15:11"]
[TimeControl "2700+45"]

1. Nf3 Nf6 2. d4 g6 3. Bf4 Bg7 4. e3 d6 5. h3 Nc6 6. Be2 O-O 7. O-O e5 8. dxe5
Ne4 9. c3 Nxe5 10. Qa4 Nxf3+ 11. Bxf3 Nc5 12. Qa3 Qe7 13. Rd1 Ne6 14. Bh2 f5 15.
Nd2 Ng5 16. Bxb7 Bxb7 17. Qb3+ Qf7 18. Qxb7 Rfb8 19. Qc6 Ne6 20. Nb3 a5 21. Rab1
a4 22. Nd4 Nd8 23. Qf3 Bxd4 24. exd4 Qxa2 25. Re1 Nf7 26. Qd3 Rxb2 27. Ra1 Qb3
28. g4 fxg4 29. hxg4 Rf8 30. Bg3 Ng5 31. Kg2 Qd5+ {White resigns} 0-1

[Event "Team 45 45 League T56"]
[Site "Internet Chess Club"]
[Date "2013.03.03"]
[Round "2"]
[White "fishhead"]
[Black "zap2"]
[Result "0-1"]
[WhiteElo "1854"]
[BlackElo "1730"]
[Opening "Caro-Kann: two knights variation"]
[ECO "B10"]
[Time "15:08:08"]
[TimeControl "2700+45"]

1. e4 c6 2. Nf3 d5 3. Nc3 dxe4 4. Nxe4 Nd7 5. Bc4 Ngf6 6. Neg5 e6 7. Nxf7 Kxf7
8. Ng5+ Ke7 9. Nxe6 Qa5 10. O-O Ne5 11. Re1 Bxe6 12. Bxe6 Kxe6 13. d4 Rd8 14.
Bf4 Bd6 15. dxe5 Bb4 16. exf6+ Bxe1 17. Qxe1+ Qxe1+ 18. Rxe1+ Kxf6 19. h4 Kf7
20. g4 Rd4 21. Bg3 Rxg4 22. Rd1 Re8 23. Rd2 Rge4 24. Kf1 Re1+ 25. Kg2 R1e2 26.
Rd7+ R8e7 27. Rxe7+ Kxe7 28. Kf3 Rxc2 29. Be5 g6 {White resigns} 0-1

[Event "Team 45 45 League T56"]
[Site "Internet Chess Club"]
[Date "2013.03.03"]
[Round "2"]
[White "latayvia"]
[Black "chrisgianno"]
[Result "0-1"]
[WhiteElo "1805"]
[BlackElo "1692"]
[Opening "Sicilian: accelerated fianchetto, Maróczy bind, 6.Be3"]
[ECO "B38"]
[Time "10:25:19"]
[TimeControl "2700+45"]

1. e4 c5 2. Nf3 g6 3. d4 cxd4 4. Nxd4 Bg7 5. c4 Nc6 6. Be3 Nf6 7. Nc3 O-O 8. Be2
d6 9. O-O Bd7 10. Qd2 Ne8 11. f3 Nc7 12. Nb3 f5 13. Rad1 b6 14. Bh6 Rc8 15. Bxg7
Kxg7 16. Kh1 Qe8 17. f4 Qf7 18. e5 Be6 19. Nd5 Rfd8 20. Qc3 Kf8 21. exd6 Nxd5
22. cxd5 Bxd5 23. dxe7+ Nxe7 24. Qe5 Bxb3 25. axb3 Qxb3 26. Rxd8+ Rxd8 27. Re1
Qd5 28. Qh8+ Qg8 29. Qe5 Qd5 30. Qf6+ Qf7 31. Qe5 Qd5 32. Qh8+ Qg8 33. Qe5 Qd5
34. Qc3 Qd4 35. Qg3 Qxb2 36. Qh4 Qg7 37. Bb5 Rd5 38. Bc4 Rd4 39. Be6 Re4 40. Rd1
Rxe6 41. Qf6+ Qxf6 42. Re1 Rxe1# {White checkmated} 0-1

[Event "Team 45 45 League T56"]
[Site "Internet Chess Club"]
[Date "2013.03.05"]
[Round "2"]
[White "jps7"]
[Black "badmove"]
[Result "1-0"]
[WhiteElo "1806"]
[BlackElo "1624"]
[Opening "Modern defense"]
[ECO "A40"]
[Time "08:13:38"]
[TimeControl "2700+45"]

1. d4 g6 2. Nf3 Bg7 3. Nc3 d6 4. Bf4 f5 5. e3 Nf6 6. h4 h6 7. Bc4 c6 8. Qd2 b5
9. Be2 Be6 10. a3 Nbd7 11. O-O-O a5 12. d5 Nxd5 13. Nxd5 Bxd5 14. Nd4 e5 15.
Nxb5 cxb5 16. Qxd5 exf4 17. Qe6+ Qe7 18. Qxg6+ Qf7 19. Qxd6 Be5 20. Qc6 Rd8 21.
exf4 Bxf4+ 22. Kb1 Rh7 23. Bxb5 Kf8 24. Bc4 Qg7 25. g3 Be5 26. Be6 Bxb2 27. Rxd7
Rxd7 28. Qc8+ Ke7 29. Qxd7+ Kf6 30. Qxg7+ Rxg7 31. Kxb2 Kxe6 32. Re1+ Kd5 33.
Re3 a4 34. Kc3 Rc7+ 35. Kd3 Rc4 36. c3 f4 37. Rf3 fxg3 38. fxg3 {Black resigns}
1-0

[Event "Team 45 45 League T56"]
[Site "Internet Chess Club"]
[Date "2013.03.04"]
[Round "2"]
[White "nurmi"]
[Black "Barrett-CCSCSL"]
[Result "0-1"]
[WhiteElo "1949"]
[BlackElo "2105"]
[Opening "English opening"]
[ECO "A10"]
[Time "20:02:18"]
[TimeControl "2700+45"]

1. c4 g6 2. Nc3 Bg7 3. Nf3 e5 4. g3 f5 5. d3 Ne7 6. Bg2 O-O 7. O-O d6 8. Bg5
Nbc6 9. Qd2 Be6 10. Ne1 Qd7 11. Bxe7 Qxe7 12. Nd5 Qd7 13. Nc2 Rae8 14. e3 Nd8
15. Rab1 c6 16. Nc3 Nf7 17. f4 Kh8 18. b4 a6 19. a4 Rb8 20. b5 axb5 21. axb5
exf4 22. gxf4 Ra8 23. bxc6 bxc6 24. Nd4 Rfc8 25. Rb6 Nd8 26. Rfb1 Bg8 27. Nce2
Rc7 28. Nb5 Rcc8 29. Nbd4 Rc7 30. h4 d5 31. c5 Ne6 32. Nxe6 Qxe6 33. d4 Bf6 34.
Nc3 Qe7 35. h5 Re8 36. Nd1 Bh4 37. Qe2 g5 38. Qf3 Bf7 39. Bf1 gxf4 40. Qxf4 Rg8+
41. Bg2 Bg3 42. Qxf5 Qh4 43. Rb8 Be8 44. R8b7 Bxh5 45. e4 Bh2+ 46. Kf1 Rxg2 47.
Kxg2 Qg3+ 48. Kf1 Qg1# {White checkmated} 0-1

[Event "Team 45 45 League T56"]
[Site "Internet Chess Club"]
[Date "2013.03.03"]
[Round "2"]
[White "daniguti"]
[Black "koni"]
[Result "1-0"]
[WhiteElo "1907"]
[BlackElo "1862"]
[Opening "Philidor: Improved Hanham variation"]
[ECO "B07"]
[Time "12:00:28"]
[TimeControl "2700+45"]

1. e4 d6 2. d4 Nf6 3. Nc3 e5 4. Nf3 Nbd7 5. Bc4 Be7 6. O-O O-O 7. Re1 c6 8. a4
a5 9. h3 Nb6 10. Ba2 Nfd7 11. Be3 exd4 12. Bxd4 Nc5 13. Bxc5 dxc5 14. Qxd8 Rxd8
15. Ne5 Be6 16. Bxe6 fxe6 17. Nd3 Nd7 18. e5 Rf8 19. Re4 g5 20. h4 gxh4 21. Nf4
Rf5 22. Nxe6 Rxe5 23. Rxe5 Nxe5 24. Re1 Nd7 25. Nc7 Rc8 26. Rxe7 Rxc7 27. Ne4
Kf8 28. Rxh7 Ke8 29. Nxc5 b5 30. Kh2 bxa4 31. Kh3 Ra7 32. Kxh4 Kd8 33. Rxd7+
Rxd7 34. Nxd7 Kxd7 35. g4 c5 36. g5 c4 37. c3 {Black resigns} 1-0

[Event "Team 45 45 League T56"]
[Site "Internet Chess Club"]
[Date "2013.03.03"]
[Round "2"]
[White "poni"]
[Black "jjimalo"]
[Result "1/2-1/2"]
[WhiteElo "1886"]
[BlackElo "1870"]
[Opening "Réti: King's Indian attack (Barcza system)"]
[ECO "A07"]
[Time "12:06:25"]
[TimeControl "2700+45"]

1. Nf3 d5 2. g3 Nf6 3. Bg2 e6 4. O-O c6 5. d3 Be7 6. Nbd2 O-O 7. e4 dxe4 8. dxe4
Nbd7 9. Re1 e5 10. c3 Qc7 11. Qc2 Rd8 12. Nc4 b5 13. Ne3 g6 14. b3 Nc5 15. Nh4
Nd3 16. Rd1 Nxc1 17. Raxc1 Be6 18. c4 Rxd1+ 19. Rxd1 b4 20. Nf3 h6 21. Ne1 Rd8
22. Rxd8+ Qxd8 23. Qd3 Qxd3 24. Nxd3 Nd7 25. Nc2 a5 26. Ne3 f6 27. Kf1 Nc5 28.
Ke2 Kf7 29. Kd2 {Game drawn by mutual agreement} 1/2-1/2

[Event "Team 45 45 League T56"]
[Site "Internet Chess Club"]
[Date "2013.02.28"]
[Round "2"]
[White "room-matt"]
[Black "infiniteshug"]
[Result "1/2-1/2"]
[WhiteElo "1798"]
[BlackElo "1839"]
[Opening "Caro-Kann: Panov-Botvinnik attack, 5...e6"]
[ECO "B14"]
[Time "15:09:04"]
[TimeControl "2700+45"]

1. e4 c6 2. d4 d5 3. exd5 cxd5 4. c4 Nf6 5. Nc3 e6 6. Nf3 Be7 7. cxd5 Nxd5 8.
Bd3 O-O 9. O-O Nc6 10. Re1 Nf6 11. a3 b6 12. Bc2 Bb7 13. Qd3 g6 14. Bh6 Re8 15.
Bb3 a6 16. Rad1 Na5 17. Ba2 Qd6 18. Ne5 Bf8 19. Bf4 Nh5 20. Qe3 Bg7 21. Nxg6 Qc6
22. Nh4 Nc4 23. Bxc4 Qxc4 24. Bh6 Bf6 25. Bg5 Bg7 26. Ne4 Bxe4 27. Qxe4 h6 28.
Be3 Nf6 29. Qb7 Nd5 30. Rc1 Qb3 31. Re2 Reb8 32. Qc6 Rc8 33. Qxc8+ Rxc8 34.
Rxc8+ Kh7 35. Nf3 Qd3 36. Kf1 f5 37. Ke1 Ne7 38. Rc3 Qb5 39. Bc1 Nd5 40. Rc8 Qd7
41. Rc4 Qb5 42. Rcc2 Qa4 43. b4 Qb3 44. Ne5 Nc3 45. Red2 Nb1 46. Rb2 Qd5 47. Rd3
Bxe5 48. Rxb1 Qe4+ 49. Kd2 Bf4+ 50. Kc2 Qe2+ 51. Bd2 Qxf2 52. Kc3 Bxd2+ 53. Rxd2
Qe3+ 54. Rd3 Qe4 55. g3 Qc6+ 56. Kb3 Qd5+ 57. Kc3 Qa2 58. Rb3 Qxh2 59. Re3 Qg1
60. Kc4 Qf1+ 61. Rbd3 Qc1+ 62. Rc3 Qf1+ 63. Rcd3 Qc1+ 64. Rc3 Qf1+ 65. Rcd3 Qc1+
{Game drawn by repetition} 1/2-1/2

[Event "Team 45 45 League T56"]
[Site "Internet Chess Club"]
[Date "2013.02.28"]
[Round "2"]
[White "przechrzczony"]
[Black "bczero3"]
[Result "1-0"]
[WhiteElo "2067"]
[BlackElo "2064"]
[Opening "Sicilian: Kan, 5.Nc3"]
[ECO "B43"]
[Time "20:07:04"]
[TimeControl "2700+45"]

1. e4 c5 2. Nf3 e6 3. d4 cxd4 4. Nxd4 a6 5. Nc3 Qc7 6. g3 b5 7. Bg2 Bb7 8. O-O
Nf6 9. Re1 d6 10. a4 b4 11. Nd5 exd5 12. exd5+ Kd8 13. Bg5 Nd7 14. Qe2 Qb6 15.
c3 Kc7 16. a5 Qa7 17. Be3 Qb8 18. Nc6 Bxc6 19. dxc6 Nc5 20. Bxc5 dxc5 21. Rad1
Qe8 22. Qc4 Rd8 23. Qxa6 Rxd1 24. Qb6+ Kc8 25. Qb7+ {Black resigns} 1-0

[Event "Team 45 45 League T56"]
[Site "Internet Chess Club"]
[Date "2013.03.07"]
[Round "2"]
[White "fledermaus"]
[Black "O00O"]
[Result "1-0"]
[WhiteElo "1937"]
[BlackElo "1955"]
[Opening "QGD: 6.Nf3"]
[ECO "D55"]
[Time "12:11:06"]
[TimeControl "2700+45"]

1. d4 Nf6 2. c4 e6 3. Nc3 d5 4. Bg5 Be7 5. e3 O-O 6. Nf3 b6 7. Bxf6 Bxf6 8. cxd5
exd5 9. Be2 Be6 10. O-O c5 11. Qa4 Qe7 12. Rac1 Rc8 13. dxc5 Rxc5 14. Nd4 Nd7
15. Qd1 Rcc8 16. Ba6 Rf8 17. Bb7 Rae8 18. Ncb5 Ne5 19. Rc7 Qd8 20. f4 Nc4 21.
Nc6 Nxe3 22. Qa4 Nxf1 23. Kxf1 a6 24. Qxa6 d4 25. Nxd8 Bxd8 26. Rc1 {Black
resigns} 1-0

[Event "Team 45 45 League T56"]
[Site "Internet Chess Club"]
[Date "2013.03.03"]
[Round "2"]
[White "chess09"]
[Black "SaltofLife"]
[Result "0-1"]
[WhiteElo "1928"]
[BlackElo "1913"]
[Opening "Queen's pawn game"]
[ECO "E10"]
[Time "12:31:48"]
[TimeControl "2700+45"]

1. d4 Nf6 2. c4 e6 3. Nf3 c5 4. e3 a6 5. Nc3 d5 6. cxd5 exd5 7. Be2 Nc6 8. O-O
Bd6 9. a3 cxd4 10. Nxd4 O-O 11. b4 Be5 12. Nxc6 bxc6 13. Bb2 a5 14. Na4 Bxb2 15.
Nxb2 axb4 16. axb4 Rb8 17. Nd3 Bf5 18. Rc1 Qd6 19. Qc2 Rfc8 20. Qc5 Qxc5 21.
bxc5 Ne4 22. Rfd1 Rb3 23. Rd2 Nxd2 24. Ne5 f6 25. Nf3 Nxf3+ 26. Bxf3 Rb1 27.
Rxb1 Bxb1 28. h3 Be4 29. Bxe4 dxe4 30. Kh2 Kf7 31. Kg3 Ke6 32. Kf4 f5 33. g4 g6
34. h4 Rf8 35. gxf5+ Rxf5+ 36. Kxe4 Rxf2 37. Kd4 Rh2 38. e4 Rxh4 39. Kd3 Ke5 40.
Ke3 Rxe4+ 41. Kf3 g5 42. Kg3 h5 43. Kf3 Rc4 44. Kg3 Rc3+ 45. Kg2 Kf4 46. Kh2 g4
47. Kg2 Rc2+ 48. Kg1 Kf3 49. Kh1 Kg3 50. Kg1 Rc1# {White checkmated} 0-1

[Event "Team 45 45 League T56"]
[Site "Internet Chess Club"]
[Date "2013.03.02"]
[Round "2"]
[White "fishhead"]
[Black "typhoon"]
[Result "0-1"]
[WhiteElo "1877"]
[BlackElo "1602"]
[Opening "Ruy Lopez: closed"]
[ECO "C90"]
[Time "12:15:34"]
[TimeControl "2700+45"]

1. e4 e5 2. Nf3 Nc6 3. Bb5 a6 4. Ba4 Nf6 5. O-O Be7 6. Re1 b5 7. Bb3 d6 8. c3
Na5 9. Bc2 c5 10. d4 Qc7 11. d5 Bd7 12. Nbd2 h6 13. b3 c4 14. b4 Nb7 15. Bb2 a5
16. a3 a4 17. Nf1 g6 18. Ng3 Ng4 19. h3 Nf6 20. Qe2 O-O-O 21. Rad1 h5 22. Ng5
Rdf8 23. Bc1 h4 24. Nf1 Nh5 25. Qe3 Nd8 26. Nh2 f6 27. Ngf3 Nf4 28. Rd2 g5 29.
Ng4 Bxg4 30. hxg4 h3 31. gxh3 Rxh3 32. Kf1 Kb7 33. Bd1 Nf7 34. Rc2 Nh6 35. Ng1
Rxe3 36. Bxe3 Qd7 37. f3 Rh8 38. Ne2 Nd3 39. Ng3 Nxe1 40. Kxe1 Bd8 41. Rh2 Nf7
42. Nh5 Qe7 43. Be2 Bb6 44. Bd2 Rh6 45. Kd1 Nh8 {White resigns} 0-1

[Event "Team 45 45 League T56"]
[Site "Internet Chess Club"]
[Date "2013.03.04"]
[Round "2"]
[White "Goli"]
[Black "MeWantCookie"]
[Result "1-0"]
[WhiteElo "1850"]
[BlackElo "2051"]
[Opening "Owen defense"]
[ECO "B00"]
[Time "16:07:35"]
[TimeControl "2700+45"]

1. e4 b6 2. d4 Bb7 3. Nc3 e6 4. Nf3 Bb4 5. Bd3 Nf6 6. Bg5 h6 7. Bxf6 Qxf6 8. O-O
Qd8 9. Ne2 d5 10. e5 Be7 11. Nf4 c5 12. c3 Ba6 13. Bxa6 Nxa6 14. Qa4+ {Black
resigns} 1-0

[Event "Team 45 45 League T56"]
[Site "Internet Chess Club"]
[Date "2013.03.05"]
[Round "2"]
[White "Dracoac"]
[Black "Tobiasdelmonte"]
[Result "0-1"]
[WhiteElo "1777"]
[BlackElo "1919"]
[Opening "Benkö gambit half accepted"]
[ECO "A57"]
[Time "20:23:11"]
[TimeControl "2700+45"]

1. d4 Nf6 2. c4 c5 3. d5 b5 4. cxb5 a6 5. b6 d6 6. Nc3 g6 7. e4 Bg7 8. f4 Qxb6
9. Be3 O-O 10. Qb3 Qc7 11. Nf3 Ng4 12. Bd2 c4 13. Qxc4 Qa7 14. h3 Qf2+ 15. Kd1
Ne3+ 16. Bxe3 Qxe3 17. Bd3 Nd7 18. Re1 Qxf4 19. Rc1 Nc5 20. b4 Nxd3 21. Qxd3 Bd7
22. a3 Rfc8 23. Qe3 Qf6 24. e5 dxe5 25. Qxe5 Qb6 26. Qe3 Qc7 27. Ne4 Ba4+ 28.
Ke2 Qd7 29. Rc5 Rxc5 30. Qxc5 Rc8 31. Qa5 Bb5+ 32. Kf2 Qxd5 33. Nc5 e6 34. a4
Qa2+ 35. Kg1 Bc4 36. Rd1 h6 37. Nxa6 Bd5 38. Nc5 Be5 39. Qb6 Bg3 40. Rf1 Rb8 41.
Qa5 Bc4 42. Rd1 Qf2+ 43. Kh1 Bd5 44. Nd3 Qe2 45. Rd2 Qf1+ 46. Ng1 Rc8 47. Qb5
Bc4 48. Qb7 Rd8 49. Qf3 Qxf3 50. gxf3 Rxd3 51. Rc2 Bb3 52. Rc8+ Kg7 53. Ne2 Be1
54. a5 Bxb4 55. Nc1 Rxf3 56. Nxb3 Rxb3 57. Rb8 Rxh3+ 58. Kg2 Rg3+ 59. Kf2 Bxa5
{White resigns} 0-1

[Event "Team 45 45 League T56"]
[Site "Internet Chess Club"]
[Date "2013.03.01"]
[Round "2"]
[White "hariputter"]
[Black "eurander"]
[Result "0-1"]
[WhiteElo "2162"]
[BlackElo "2141"]
[Opening "Caro-Kann: classical, 6.h4"]
[ECO "B18"]
[Time "19:32:03"]
[TimeControl "2700+45"]

1. e4 c6 2. d4 d5 3. Nc3 dxe4 4. Nxe4 Bf5 5. Ng3 Bg6 6. h4 h6 7. h5 Bh7 8. Nf3
Nd7 9. Bd3 Bxd3 10. Qxd3 e6 11. Bf4 Qa5+ 12. Bd2 Bb4 13. Ne4 Ngf6 14. Nd6+ Ke7
15. Nxb7 Bxd2+ 16. Nxd2 Qb4 17. Qa3 Qxa3 18. bxa3 Rab8 19. Na5 Rhc8 20. O-O-O c5
21. f3 cxd4 22. Ndc4 Rc5 23. Rxd4 Rbc8 24. Rhh4 Nb6 25. Kb1 e5 26. Nxb6 axb6 27.
Rc4 bxa5 28. Rxc5 Rxc5 {White resigns} 0-1

[Event "Team 45 45 League T56"]
[Site "Internet Chess Club"]
[Date "2013.03.05"]
[Round "2"]
[White "SlimeDog2"]
[Black "xwang1"]
[Result "1-0"]
[WhiteElo "2102"]
[BlackElo "2032"]
[Opening "King's Indian: fianchetto, Panno variation"]
[ECO "E63"]
[Time "22:07:30"]
[TimeControl "2700+45"]

1. Nf3 Nf6 2. c4 g6 3. g3 Bg7 4. Bg2 d6 5. d4 O-O 6. Nc3 Nc6 7. O-O a6 8. Qd3 e5
9. dxe5 dxe5 10. Qxd8 Rxd8 11. Bg5 Be6 12. Nd2 h6 13. Bxf6 Bxf6 14. Rfd1 Be7 15.
Nd5 Bxd5 16. cxd5 Nb4 17. Nc4 Bd6 18. e3 a5 19. a3 Na6 20. Nxa5 Nc5 21. b4 Bf8
22. Rac1 f6 23. Rxc5 Bxc5 24. Nxb7 Rdb8 25. bxc5 Rxa3 26. d6 cxd6 27. cxd6
{Black resigns} 1-0

[Event "Team 45 45 League T56"]
[Site "Internet Chess Club"]
[Date "2013.03.03"]
[Round "2"]
[White "Wargasm"]
[Black "Warren"]
[Result "0-1"]
[WhiteElo "2200"]
[BlackElo "2280"]
[Opening "Queen's gambit declined"]
[ECO "D30"]
[Time "08:01:19"]
[TimeControl "2700+45"]

1. d4 d5 2. c4 e6 3. Nf3 c6 4. e3 f5 5. Bd3 Bd6 6. O-O Nf6 7. b3 Qe7 8. Bb2 Ne4
9. Qc1 Nd7 10. Ba3 O-O 11. Bxd6 Qxd6 12. Nc3 b6 13. Ne2 Bb7 14. Qb2 c5 15. Rfd1
Qe7 16. Rac1 Rac8 17. cxd5 exd5 18. Bb5 Ndf6 19. Ne5 Ng4 20. Nxg4 fxg4 21. Rf1
a6 22. Bd3 Nxf2 23. Rxf2 Qxe3 24. Bxh7+ Kxh7 25. Rf1 Rxf2 26. Rxf2 cxd4 27. Ng3
Rc1+ 28. Nf1 d3 29. Qd2 d4 30. Qb4 a5 {White resigns} 0-1